AoeStats
← Skallagrime

Arena

509772437Analyzed
1v1 RM · 3d ago on Sep 28, 2026· 59m 2s· 2 players
Game mode
Random Map
Map size
Tiny (2 player)
Population
200
Speed
Normal
Resources
Standard
Victory
Conquest
Starting age
Dark Age
Ending age
Imperial Age
RankedLock teamsTeams togetherTeam positionsShared explorationLock speedFull tech treeHidden civsTurbo modeCheats
Victory
Defeat
🇺🇸 Inca · United States
667
+14
🇦🇷 Britons · Argentina
630
-14
SBC
10:42 Feudal Age
16:28 Castle Age
14:43 Double-Bit Axe
14:50 Horse Collar
16:56 Wheelbarrow
16:14 Town Watch
17:35 Heavy Plow
18:02 Bow Saw
21:21 Loom
21:24 Town Watch
23:01 Stone Mining
23:31 Hand Cart
24:34 Pikeman
25:03 Arson
25:08 Gambesons
25:17 Treadmill Crane
26:00 Forging
27:30 Gold Mining
28:26 Squires
30:07 Elite Skirmisher
32:31 Fletching
32:43 Scale Mail Armor
33:53 Fortified Wall
33:40 Murder Holes
35:11 Yeomen
35:32 Gold Shaft Mining
35:39 Bodkin Arrow
35:46 Padded Archer Armor
40:24 Imperial Age
37:58 Town Patrol
38:37 Iron Casting
38:18 Leather Archer Armor
38:18 Chain Mail Armor
42:16 Chemistry
41:19 Bracer
42:20 Blast Furnace
41:08 Halberdier
42:23 Ring Archer Armor
42:24 Plate Mail Armor
42:05 Elite Longbowman
46:52 Two-Man Saw
48:51 Capped Ram
49:14 Heavy Scorpion
50:40 Conscription
Skallagrime
9:14 Loom
11:03 Feudal Age
10:06 Loom
11:37 Double-Bit Axe
11:37 Horse Collar
13:04 Town Watch
17:41 Castle Age
16:20 Stone Mining
16:23 Gold Mining
18:35 Wheelbarrow
18:10 Padded Archer Armor
18:13 Scale Mail Armor
19:19 Bow Saw
21:37 Hand Cart
23:17 Treadmill Crane
24:45 Heavy Plow
26:36 Squires
25:57 Champi Runner
29:27 Stone Shaft Mining
29:31 Gold Shaft Mining
28:58 Andean Sling
28:30 Elite Skirmisher
29:58 Padded Archer Armor
29:27 Champi Warrior
31:50 Town Patrol
32:14 Ballistics
32:06 Masonry
32:06 Fortified Wall
33:10 Leather Archer Armor
33:12 Chain Mail Armor
36:19 Imperial Age
34:30 Thumb Ring
34:20 Fletching
35:25 Bodkin Arrow
35:40 Forging
35:23 Arson
35:02 Pikeman
37:25 Conscription
37:08 Fabric Shields
36:34 Capped Ram
38:58 Ring Archer Armor
38:29 Bracer
40:32 Plate Mail Armor
41:09 Chemistry
40:16 Siege Engineers
40:57 Siege Ram
41:15 Elite Kamayuk
42:44 Crop Rotation
45:02 Iron Casting
43:59 Elite Champi Warrior
47:02 Blast Furnace
Connection lost

Rejoining the realm…

Still unreachable

The connection could not be restored.

Session expired

The server has moved on; the page needs a fresh start.